[Event "ICC tourney 3233 (40 10)"]
[Site "Internet Chess Club"]
[Date "2023.07.08"]
[Round "4"]
[White "SHEN, ETHAN:tinyfold88"]
[Black "Siemer, Oliver Glen:SaxonburgKnight"]
[Result "1-0"]
[ICCResult "Black checkmated"]
[WhiteElo "1350"]
[BlackElo "1436"]
[Opening "French: Two knights variation"]
[ECO "C00"]
[NIC "FR.01"]
[Time "17:45:35"]
[PlyCount "115"]
[TimeControl "2400+10"]

1. e4 e6 2. Nf3 d5 3. Nc3 Nf6 4. e5 Nfd7 5. d4 c5 6. Bg5 Be7 7. Bxe7 Qxe7 8.
Nb5 Nb6 9. Nd6+ Kd8 10. dxc5 N6d7 11. Ng5 Nxe5 12. Qd2 h6 13. Qa5+ Qc7 14.
Ngxf7+ Kd7 15. Qxc7+ Kxc7 16. Nxh8 Nbd7 17. Nhf7 Nxc5 18. Nxe5 Kxd6 19. Nf3
Ne4 20. Bd3 Nc5 21. O-O-O Bd7 22. Rhe1 Rf8 23. Re2 g5 24. Ne5 Be8 25. Bg6
Bb5 26. c4 Bc6 27. cxd5 exd5 28. Nxc6 bxc6 29. b3 Ne6 30. g3 Nc7 31. Bd3 Ne6
32. Ba6 Nc5 33. Bd3 Kc7 34. Kc2 Rf3 35. Rdd2 Rf6 36. Re7+ Kb6 37. Rde2 Rf3
38. R7e3 Rf6 39. b4 Nb7 40. Kb3 a5 41. a3 Nd6 42. Re6 Rxe6 43. Rxe6 Nb5 44.
Bxb5 Kxb5 45. bxa5 Kxa5 46. Rxc6 d4 47. Rd6 d3 48. Rxd3 h5 49. f4 h4 50.
gxh4 gxf4 51. Rf3 Ka6 52. Rxf4 Ka7 53. Rb4 Ka6 54. h5 Ka7 55. h6 Ka6 56. h7
Ka7 57. h8=Q Ka6 58. Qa8# {Black checkmated} 1-0

[Event "ICC tourney 3233 (40 10)"]
[Site "Internet Chess Club"]
[Date "2023.07.08"]
[Round "4"]
[White "KINKUS, SAM E:Grandslam34"]
[Black "Fromm, Alexander Mateo:AlexJoseph2074"]
[Result "0-1"]
[ICCResult "White resigns"]
[WhiteElo "935"]
[BlackElo "674"]
[Opening "Sicilian"]
[ECO "B50"]
[NIC "SI.01"]
[Time "17:45:37"]
[PlyCount "41"]
[TimeControl "2400+10"]

1. e4 c5 2. Nf3 d6 3. d3 Nf6 4. g3 g6 5. Bg2 Bg7 6. c3 O-O 7. Nbd2 Nc6 8.
O-O b6 9. Re1 e5 10. h3 a5 11. Nf1 Bb7 12. Bg5 Ne7 13. Qd2 d5 14. Bh6 dxe4
15. Bxg7 Kxg7 16. Nxe5 Qc7 17. d4 Rad8 18. Qe3 Nf5 19. Qd2 cxd4 20. cxd4
Nxd4 21. Qe3 {White resigns} 0-1

[Event "ICC tourney 3233 (40 10)"]
[Site "Internet Chess Club"]
[Date "2023.07.08"]
[Round "4"]
[White "Zhou, Abigail:AbiZ"]
[Black "GAW, CHRISTIAN:cman-g"]
[Result "1-0"]
[ICCResult "Black checkmated"]
[WhiteElo "1474"]
[BlackElo "1192"]
[Opening "Giuoco Piano"]
[ECO "C54"]
[NIC "IG.02"]
[Time "17:45:44"]
[PlyCount "125"]
[TimeControl "2400+10"]

1. e4 e5 2. Nf3 Nc6 3. Bc4 Bc5 4. c3 Nf6 5. d3 a6 6. O-O h6 7. Be3 Ba7 8.
Bxa7 Rxa7 9. Nbd2 d5 10. exd5 Nxd5 11. Re1 Qd6 12. Ne4 Qd8 13. Qb3 Be6 14.
Nc5 O-O 15. Nxe6 fxe6 16. Nxe5 Nxe5 17. Rxe5 Qf6 18. Re2 Nf4 19. Rd2 b5 20.
Bxb5 axb5 21. Qxb5 Qg6 22. f3 Rd8 23. d4 Raa8 24. Qe5 Nd5 25. a3 c6 26. Re1
Re8 27. Qd6 Rac8 28. Rde2 Kf7 29. Qd7+ Kf8 30. Rxe6 Rxe6 31. Qxc8+ Re8 32.
Rxe8+ Qxe8 33. Qxe8+ Kxe8 34. Kf2 Ke7 35. Ke2 Ke6 36. g3 g5 37. Kd3 h5 38.
Kc4 Kd6 39. a4 Ne3+ 40. Kd3 Nf1 41. Ke2 Nxh2 42. Kf2 Kc7 43. Kg2 Nxf3 44.
Kxf3 Kb6 45. b4 Kc7 46. Ke4 Kb6 47. Kf5 h4 48. gxh4 gxh4 49. Kg4 Kc7 50.
Kxh4 Kd6 51. a5 Kc7 52. Kg5 Kb7 53. Kf6 Ka6 54. Ke6 Kb5 55. Kd6 Ka6 56. Kxc6
Ka7 57. d5 Kb8 58. d6 Kc8 59. a6 Kb8 60. d7 Ka8 61. d8=Q+ Ka7 62. Qb6+ Ka8
63. Qb7# {Black checkmated} 1-0

[Event "ICC tourney 3233 (40 10)"]
[Site "Internet Chess Club"]
[Date "2023.07.08"]
[Round "4"]
[White "Whiteside, Oren:NotOwen"]
[Black "Chiappetta, Graydon:loopy"]
[Result "1-0"]
[ICCResult "Black checkmated"]
[WhiteElo "1264"]
[BlackElo "860"]
[Opening "Scotch game"]
[ECO "C45"]
[NIC "SO.04"]
[Time "17:45:40"]
[PlyCount "107"]
[TimeControl "2400+10"]

1. e4 e5 2. Nf3 Nc6 3. d4 exd4 4. Nxd4 Be7 5. Nc3 Nf6 6. Be2 O-O 7. O-O d6
8. Be3 a5 9. h3 Bd7 10. a3 Qc8 11. Bf3 Bxh3 12. gxh3 Qxh3 13. Nd5 Nxd5 14.
exd5 Ne5 15. Bf4 c5 16. dxc6 bxc6 17. Bg2 Qh4 18. Bg3 Qg5 19. Nxc6 Rae8 20.
Nxe5 dxe5 21. Qd5 Bf6 22. c3 Rb8 23. b4 axb4 24. axb4 Rbd8 25. Qf3 Rc8 26.
b5 Qd2 27. Rac1 e4 28. Qf4 Qb2 29. c4 e3 30. Qxe3 Bd4 31. Qe4 Rce8 32. Qc2
Qa3 33. c5 Rc8 34. c6 Qa5 35. Rb1 Qb6 36. Bh3 Rce8 37. c7 Qh6 38. c8=Q Qg5
39. Qg4 Qf6 40. Qh4 g6 41. Qxf6 Bxf6 42. b6 h5 43. b7 h4 44. Bd6 Rd8 45.
Bxf8 Rxf8 46. b8=Q Rxb8 47. Rxb8+ Kg7 48. Qc8 Kh6 49. Rd1 g5 50. Bf5 h3 51.
Bxh3 Be5 52. Qf8+ Bg7 53. Rd6+ Kh7 54. Qg8# {Black checkmated} 1-0

[Event "ICC tourney 3233 (40 10)"]
[Site "Internet Chess Club"]
[Date "2023.07.08"]
[Round "4"]
[White "JAIN, ANKITA:AnkitaJ"]
[Black "Abdurasulov, Nurmukhammad:Nur2010"]
[Result "0-1"]
[ICCResult "White resigns"]
[WhiteElo "1485"]
[BlackElo "1251"]
[Opening "QGD Slav: 4.e3 Bf5"]
[ECO "D12"]
[NIC "QP.06"]
[Time "17:45:39"]
[PlyCount "86"]
[TimeControl "2400+10"]

1. d4 Nf6 2. Nf3 d5 3. c4 c6 4. e3 Bf5 5. Nc3 e6 6. Nh4 Bg6 7. Nxg6 hxg6 8.
Bd3 c5 9. cxd5 exd5 10. dxc5 Bxc5 11. Bb5+ Nc6 12. Bd2 O-O 13. O-O Qc7 14.
Rc1 Rfd8 15. Ne2 Ne4 16. Ng3 Nxd2 17. Qxd2 Bd6 18. Qc2 Rac8 19. Rfd1 Be5 20.
Qa4 Bxb2 21. Rc2 Bf6 22. Rdc1 Rd6 23. Ne2 Qb6 24. h3 a6 25. Bxc6 Rdxc6 26.
Rxc6 Rxc6 27. Rxc6 Qxc6 28. Qa5 Qc4 29. Nd4 Kh7 30. Nb3 Bc3 31. Qb6 Qe2 32.
Qc7 Qe1+ 33. Kh2 Bf6 34. Qf4 Qc3 35. g3 Qc2 36. Kg2 Qxa2 37. Qb4 b5 38. Na5
d4 39. exd4 Qd5+ 40. Kg1 Bxd4 41. Nb3 Bb6 42. Qc3 a5 43. Nxa5 Qa2
{White resigns}
0-1

[Event "ICC tourney 3233 (40 10)"]
[Site "Internet Chess Club"]
[Date "2023.07.08"]
[Round "4"]
[White "HIBBS, ROBERT:BotanicalKnight"]
[Black "GAW, ZACHARY:zman-g"]
[Result "1-0"]
[ICCResult "Black checkmated"]
[WhiteElo "1451"]
[BlackElo "1099"]
[Opening "Bishop's opening: Berlin defense"]
[ECO "C24"]
[NIC "IG.04"]
[Time "17:45:40"]
[PlyCount "157"]
[TimeControl "2400+10"]

1. e4 e5 2. Bc4 Nf6 3. d3 Bc5 4. Nc3 h6 5. f4 d6 6. Na4 Bxg1 7. Rxg1 a6 8.
Nc3 Nc6 9. f5 Na5 10. Bb3 Nxb3 11. axb3 d5 12. Qf3 dxe4 13. dxe4 Bd7 14. Bd2
Bc6 15. O-O-O Qe7 16. g4 Nd7 17. g5 hxg5 18. Rxg5 f6 19. Rg2 O-O-O 20. Rdg1
Qc5 21. Be3 Qf8 22. h3 Rh7 23. Bf2 Qf7 24. h4 Rg8 25. Qg3 Nf8 26. Bc5 Nd7
27. Bf2 Nf8 28. Qe3 b6 29. Qe2 g6 30. fxg6 Rxg6 31. Qxa6+ Bb7 32. Qc4 Qxc4
33. bxc4 Rhg7 34. Rxg6 Rxg6 35. Rxg6 Nxg6 36. Nd5 Bxd5 37. cxd5 Kd7 38. Bg3
Kd6 39. Kd2 Kc5 40. Kd3 Kd6 41. c4 Nf8 42. b4 Nh7 43. Bf2 Ke7 44. Be3 Kd6
45. c5+ bxc5 46. bxc5+ Kd7 47. Kc4 c6 48. h5 Kc7 49. Bh6 Kd7 50. Bd2 Kc7 51.
Kb4 Kd7 52. Ka5 Kc7 53. Ka6 cxd5 54. exd5 f5 55. Ba5+ Kd7 56. Kb7 Nf6 57.
c6+ Ke7 58. Bb4+ Kf7 59. c7 Nxd5 60. c8=Q Nxb4 61. Qc4+ Kg7 62. Qxb4 e4 63.
Qd4+ Kh6 64. Qe5 Kg5 65. h6 Kxh6 66. Qxf5 e3 67. Qe4 Kh5 68. Qxe3 Kg4 69.
Kc6 Kf5 70. Qd4 Ke6 71. Qd5+ Kf6 72. Kd6 Kg7 73. Qe6 Kh8 74. Qd7 Kg8 75. Qa7
Kf8 76. Ke6 Kg8 77. Kf6 Kh8 78. Kg6 Kg8 79. Qa8# {Black checkmated} 1-0

[Event "ICC tourney 3233 (40 10)"]
[Site "Internet Chess Club"]
[Date "2023.07.08"]
[Round "4"]
[White "WU, DARREN:chessboy111"]
[Black "VUYYURU, SHRIYAN:loudcertainlava"]
[Result "1/2-1/2"]
[ICCResult "Game drawn by repetition"]
[WhiteElo "1373"]
[BlackElo "1472"]
[Opening "French: Tarrasch, closed variation"]
[ECO "C05"]
[NIC "FR.14"]
[Time "17:45:35"]
[PlyCount "263"]
[TimeControl "2400+10"]

1. e4 e6 2. d4 d5 3. Nd2 Nf6 4. Bd3 dxe4 5. Nxe4 Nc6 6. c3 Be7 7. Nf3 Bd7 8.
h3 O-O 9. O-O Nd5 10. Qc2 f5 11. Ned2 Bf6 12. Nb3 b6 13. Re1 Re8 14. Bd2 a5
15. a4 Rb8 16. Bb5 h6 17. Bxc6 Bxc6 18. Ne5 Bxe5 19. Rxe5 Qf6 20. Nc1 h5 21.
Nd3 Qg6 22. f3 Qf7 23. b3 Rbd8 24. Rae1 Bb7 25. Qd1 Qd7 26. Nf4 Nxf4 27.
Bxf4 c5 28. Be3 cxd4 29. Qxd4 Qxd4 30. Bxd4 Rd6 31. Rxf5 g6 32. Rb5 Kf7 33.
Rxb6 Rxb6 34. Bxb6 Ra8 35. Bd4 Bc6 36. Re5 Rb8 37. Rxa5 Rxb3 38. Ra7+ Rb7
39. Rxb7+ Bxb7 40. Kf2 Ke7 41. Bc5+ Kf6 42. Ke3 Ke5 43. Bb4 Ba6 44. g4 hxg4
45. hxg4 Bc4 46. f4+ Kd5 47. a5 Ba6 48. Kf3 Bc4 49. Be7 Bd3 50. Kg3 e5 51.
fxe5 Kxe5 52. Kf3 Ba6 53. Ke3 Bc4 54. Kd2 Kf4 55. g5 Ke5 56. Kc2 Kd5 57. Kb2
Kc6 58. Ka3 Kb5 59. a6 Kxa6 60. Kb4 Bb5 61. c4 Bc6 62. Kc5 Kb7 63. Kd6 Be4
64. c5 Kc8 65. c6 Bb1 66. c7 Bf5 67. Bd8 Bb1 68. Ke5 Bc2 69. Kd6 Bb1 70. Bf6
Bf5 71. Be5 Bb1 72. Ke6 Bf5+ 73. Kf6 Bb1 74. Kg7 Bc2 75. Kf6 Bb1 76. Kg7 Bc2
77. Kf6 Bf5 78. Kg7 Kd7 79. Kf6 Bb1 80. Bh2 Kc8 81. Bg3 Bf5 82. Bh2 Be4 83.
Bg3 Bd3 84. Bh2 Bc2 85. Bg3 Bb1 86. Bh2 Bc2 87. Bg3 Kd7 88. Bh2 Bb1 89. Bg3
Bf5 90. Bh2 Be4 91. Bg3 Bd3 92. Bh2 Bc2 93. Bg3 Bf5 94. Bh2 Bd3 95. Bg3 Bc2
96. Bh2 Bb1 97. Bg3 Be4 98. Bh2 Bd3 99. Bg3 Bc2 100. Bh2 Bb1 101. Bg3 Bc2
102. Bh2 Bd3 103. Bg3 Be4 104. Bh2 Bd3 105. Bg3 Kc8 106. Bh2 Bf5 107. Bg3
Bb1 108. Bh2 Bc2 109. Bg3 Bd3 110. Bh2 Bc2 111. Bg3 Bd3 112. Bh2 Bc2 113.
Bg3 Bb1 114. Bh2 Bf5 115. Bg3 Bb1 116. Bh2 Bc2 117. Bg3 Bd3 118. Bh2 Bb1
119. Bg3 Bc2 120. Bh2 Bd3 121. Bg3 Be4 122. Bh2 Bd3 123. Bg3 Bb1 124. Bh2
Bc2 125. Bg3 Bd3 126. Bh2 Bb1 127. Bg3 Bc2 128. Bh2 Bd3 129. Bg3 Bc2 130.
Bh2 Bb1 131. Bg3 Bc2 132. Bh2 {Game drawn by repetition} 1/2-1/2

[Event "ICC tourney 3233 (40 10)"]
[Site "Internet Chess Club"]
[Date "2023.07.08"]
[Round "5"]
[White "VUYYURU, SHRIYAN:loudcertainlava"]
[Black "Whiteside, Oren:NotOwen"]
[Result "1/2-1/2"]
[ICCResult "Game drawn by repetition"]
[WhiteElo "1472"]
[BlackElo "1264"]
[Opening "Queen's pawn: Yusupov-Rubinstein system"]
[ECO "A46"]
[NIC "QP.06"]
[Time "20:00:31"]
[PlyCount "89"]
[TimeControl "2400+10"]

1. d4 Nf6 2. Nf3 e6 3. e3 Nc6 4. c4 d5 5. Nc3 Bb4 6. Bd2 O-O 7. a3 Bxc3 8.
Bxc3 b6 9. cxd5 Nxd5 10. Bb5 Bb7 11. O-O a6 12. Bxc6 Bxc6 13. Rc1 Bb7 14.
Re1 Rc8 15. e4 Nf6 16. e5 Nd5 17. Qd2 h6 18. Qe2 Qd7 19. Bb4 Nxb4 20. axb4
Bxf3 21. Qxf3 Qxd4 22. Re4 Qxb2 23. Rce1 c5 24. Qg3 cxb4 25. Rg4 Qd2 26. f3
g5 27. f4 Rc1 28. Rxg5+ hxg5 29. Qxg5+ Kh7 30. Qh5+ Kg7 31. Qg5+ Kh7 32.
Qh5+ Kg7 33. Qg5+ Kh7 34. Qh5+ Kg7 35. Qg5+ Kh7 36. Qh5+ Kg8 37. Qg5+ Kh8
38. Qh6+ Kg8 39. Qg5+ Kh8 40. Qh5+ Kg8 41. Qg5+ Kh7 42. Qh5+ Kg7 43. Qg5+
Kh8 44. Qh6+ Kg8 45. Qg5+ {Game drawn by repetition} 1/2-1/2

[Event "ICC tourney 3233 (40 10)"]
[Site "Internet Chess Club"]
[Date "2023.07.08"]
[Round "5"]
[White "Fromm, Alexander Mateo:AlexJoseph2074"]
[Black "HIBBS, ROBERT:BotanicalKnight"]
[Result "1/2-1/2"]
[ICCResult "Game drawn by mutual agreement"]
[WhiteElo "674"]
[BlackElo "1451"]
[Opening "Queen's pawn, Mason variation"]
[ECO "D00"]
[NIC "QP.08"]
[Time "20:00:14"]
[PlyCount "65"]
[TimeControl "2400+10"]

1. d4 d5 2. Bf4 e6 3. e3 f5 4. Bd3 Nf6 5. c3 Be7 6. Nf3 c6 7. Nbd2 O-O 8.
O-O Ne4 9. Ne5 Nd7 10. f3 Nxd2 11. Qxd2 Nxe5 12. Bxe5 Bf6 13. f4 Bxe5 14.
fxe5 Qe7 15. a3 Bd7 16. b4 a6 17. a4 g6 18. c4 Rac8 19. c5 Kg7 20. h3 h6 21.
Rab1 g5 22. b5 axb5 23. axb5 h5 24. bxc6 bxc6 25. Be2 g4 26. Kh2 Rh8 27. Rf4
Be8 28. Kg1 Bg6 29. Kf1 Rb8 30. Qe1 Rxb1 31. Qxb1 Qa7 32. Kf2 Rb8 33. Qe1
{Game drawn by mutual agreement}
1/2-1/2

[Event "ICC tourney 3233 (40 10)"]
[Site "Internet Chess Club"]
[Date "2023.07.08"]
[Round "5"]
[White "Abdurasulov, Nurmukhammad:Nur2010"]
[Black "Zhou, Abigail:AbiZ"]
[Result "1-0"]
[ICCResult "Black checkmated"]
[WhiteElo "1251"]
[BlackElo "1474"]
[Opening "QGD: 4.Bg5 Be7"]
[ECO "D53"]
[NIC "QO.13"]
[Time "20:00:05"]
[PlyCount "109"]
[TimeControl "2400+10"]

1. d4 d5 2. c4 e6 3. Nc3 Nf6 4. Bg5 Be7 5. Nf3 h6 6. Bh4 Nbd7 7. e3 b6 8.
Bxf6 Nxf6 9. cxd5 exd5 10. Bb5+ Bd7 11. Bxd7+ Qxd7 12. Ne5 Qe6 13. Qa4+ Nd7
14. Nxd7 Qxd7 15. Qxd7+ Kxd7 16. Nxd5 Bd6 17. Rc1 c6 18. Nc3 Rhe8 19. Ke2 f5
20. h3 Re7 21. Rhd1 Rae8 22. g4 f4 23. e4 Bb4 24. f3 g5 25. Kf2 Re6 26. d5
Bc5+ 27. Kg2 cxd5 28. Nxd5 Bd6 29. Nc7 Rd8 30. Nxe6 Kxe6 31. Rc6 Ke7 32. Rd5
Rd7 33. e5 Bc5 34. Rxd7+ Kxd7 35. Rxh6 Bd4 36. Rd6+ Ke7 37. Rxd4 Ke6 38. Ra4
a5 39. h4 gxh4 40. Rxf4 Kxe5 41. Re4+ Kf6 42. Kh3 Kg5 43. Re5+ Kf4 44. Rf5+
Ke3 45. Kxh4 Kd2 46. g5 Kc2 47. Rb5 Kd3 48. g6 Ke3 49. Kg4 Kd2 50. g7 Kc2
51. g8=Q Kb1 52. Qc4 a4 53. Rd5 Kxb2 54. Rd2+ Kb1 55. Qf1# {Black
checkmated} 1-0

[Event "ICC tourney 3233 (40 10)"]
[Site "Internet Chess Club"]
[Date "2023.07.08"]
[Round "5"]
[White "Chiappetta, Graydon:loopy"]
[Black "GAW, CHRISTIAN:cman-g"]
[Result "0-1"]
[ICCResult "White resigns"]
[WhiteElo "860"]
[BlackElo "1192"]
[Opening "Inverted Hungarian"]
[ECO "C44"]
[NIC "KP.10"]
[Time "20:00:13"]
[PlyCount "116"]
[TimeControl "2400+10"]

1. e4 e5 2. Nf3 Nc6 3. Be2 Nf6 4. d3 h6 5. O-O Bc5 6. Bd2 O-O 7. Qc1 Kh7 8.
c3 d6 9. b4 Bb6 10. a4 a5 11. b5 Ne7 12. Nh4 Bg4 13. Nf3 Ng6 14. c4 Bxf3 15.
Bxf3 Bd4 16. Ra2 c6 17. bxc6 bxc6 18. Rc2 c5 19. Nc3 Bxc3 20. Bxc3 Rb8 21.
Rb2 Rxb2 22. Qxb2 Qb8 23. Qb5 Qxb5 24. cxb5 Rb8 25. Rb1 Ne7 26. Bxa5 Ra8 27.
Bc7 Ne8 28. b6 Nxc7 29. bxc7 Rxa4 30. g3 Ra7 31. c8=Q Nxc8 32. Bg4 Ne7 33.
Rb6 Ra1+ 34. Kg2 d5 35. exd5 Nxd5 36. Rb7 Kg6 37. Rd7 Nf6 38. Rd6 Kg5 39.
Bf3 Kf5 40. Rc6 Ra5 41. h3 e4 42. dxe4+ Nxe4 43. Rc7 Ng5 44. Bg4+ Ke5 45.
f4+ Kd6 46. Rd7+ Kc6 47. fxg5 h5 48. Rxf7 hxg4 49. hxg4 Ra2+ 50. Kh3 c4 51.
Rxg7 c3 52. Rg8 Kd7 53. Rg7+ Ke8 54. Rc7 c2 55. Rc5 Kf7 56. Kh4 c1=Q 57. g6+
Kxg6 58. Rg5+ Qxg5+ {White resigns} 0-1

[Event "ICC tourney 3233 (40 10)"]
[Site "Internet Chess Club"]
[Date "2023.07.08"]
[Round "5"]
[White "KINKUS, SAM E:Grandslam34"]
[Black "GAW, ZACHARY:zman-g"]
[Result "0-1"]
[ICCResult "White resigns"]
[WhiteElo "935"]
[BlackElo "1099"]
[Opening "KP: Patzer opening"]
[ECO "C20"]
[NIC "KP.10"]
[Time "20:00:08"]
[PlyCount "116"]
[TimeControl "2400+10"]

1. e4 e5 2. Qh5 Nc6 3. Bc4 g6 4. Qf3 Nf6 5. Ne2 Bg7 6. d3 Na5 7. Nbc3 Nxc4
8. dxc4 c6 9. Bg5 h6 10. Bh4 Qe7 11. O-O-O d6 12. h3 Be6 13. Qd3 O-O-O 14.
f4 exf4 15. Nxf4 Bxc4 16. Qxc4 g5 17. Nfd5 Nxd5 18. exd5 gxh4 19. dxc6 Bxc3
20. cxb7+ Kxb7 21. Qxc3 Qg5+ 22. Qd2 Rhg8 23. Qxg5 hxg5 24. Rhe1 Kc6 25. Re7
Rd7 26. Rxd7 Kxd7 27. c4 Rc8 28. Rd4 Rc6 29. Kd2 Rc5 30. Kd3 Ke6 31. Re4+
Re5 32. Rxe5+ Kxe5 33. Ke3 f5 34. b4 g4 35. b5 gxh3 36. gxh3 f4+ 37. Kf3 Kd4
38. Kxf4 Kxc4 39. Ke4 d5+ 40. Ke3 d4+ 41. Kd2 d3 42. a4 Kb4 43. Kxd3 Kxa4
44. Kc4 Ka5 45. Kc5 Ka4 46. Kc6 Ka5 47. Kc5 Ka4 48. b6 axb6+ 49. Kxb6 Kb4
50. Kc6 Kc4 51. Kd6 Kd4 52. Ke6 Ke4 53. Kf6 Kf4 54. Kg6 Kg3 55. Kh5 Kxh3 56.
Kg5 Kg3 57. Kf5 h3 58. Ke4 h2 {White resigns} 0-1

[Event "ICC tourney 3233 (40 10)"]
[Site "Internet Chess Club"]
[Date "2023.07.08"]
[Round "5"]
[White "Siemer, Oliver Glen:SaxonburgKnight"]
[Black "WU, DARREN:chessboy111"]
[Result "1-0"]
[ICCResult "Black resigns"]
[WhiteElo "1436"]
[BlackElo "1373"]
[Opening "Caro-Kann: Steinitz variation"]
[ECO "B17"]
[NIC "CK.08"]
[Time "20:00:12"]
[PlyCount "117"]
[TimeControl "2400+10"]

1. e4 c6 2. d4 d5 3. Nc3 dxe4 4. Nxe4 Nd7 5. Nf3 Ngf6 6. Bd3 Nxe4 7. Bxe4
Nf6 8. Qe2 Bg4 9. c3 e6 10. Bf4 Bd6 11. Bxd6 Qxd6 12. Bc2 O-O 13. h3 Bh5 14.
O-O Bg6 15. Rfe1 Rfd8 16. Rad1 Qc7 17. Bxg6 hxg6 18. Ne5 c5 19. dxc5 Qxc5
20. Rxd8+ Rxd8 21. Qc4 Qxc4 22. Nxc4 Kf8 23. f3 Ke7 24. Re2 Ne8 25. Kf2 Rd5
26. Re5 Rxe5 27. Nxe5 Nd6 28. g4 g5 29. a4 f5 30. b4 Kd8 31. c4 b6 32. Ke3
Kc7 33. Kd4 a6 34. c5 bxc5+ 35. Kxc5 Nb7+ 36. Kd4 Nd6 37. Nc4 Nf7 38. gxf5
exf5 39. Ne3 g6 40. Nd5+ Kd6 41. Ne3 Kc6 42. Nc4 Kc7 43. Kd5 Kd7 44. Ne5+
Nxe5 45. Kxe5 Ke7 46. Kd5 Kd7 47. Kc5 Kc7 48. b5 axb5 49. axb5 Kb7 50. b6 f4
51. Kb5 Kb8 52. Kc6 Kc8 53. b7+ Kb8 54. Kb6 g4 55. hxg4 g5 56. Kc6 Ka7 57.
Kc7 Ka6 58. b8=Q Ka5 59. Kc6 {Black resigns} 1-0